 Dungeon Crawl Stone Soup version 0.26.1-11-gd32895ea62 (webtiles) character file.

Game seed: 6910596373831355347

2597 Almogavar the Cleaver (level 9, -3/78 HPs)
             Began as a Hill Orc Fighter on Apr 27, 2021.
             Was a Believer of Okawaru.
             Slain by an orc warrior
             ... wielding a +0 flail
              (15 damage)
             ... on level 7 of the Dungeon.
             The game lasted 00:15:07 (7490 turns).

Almogavar the Cleaver (Hill Orc Fighter)            Turns: 7490, Time: 00:15:08

Health: -3/78      AC: 10    Str: 22    XL:     9   Next: 59%
Magic:  9/9        EV:  9    Int:  8    God:    Okawaru [**....]
Gold:   449        SH: 10    Dex: 10    Spells: 8/8 levels left

rFire    . . .     SeeInvis .   x - +1 hand axe (elec)
rCold    . . .     Faith    .   c - +0 kite shield
rNeg     . . .     Spirit   .   b - +0 scale mail
rPois    +         Reflect  .   (no helmet)
rElec    .         Harm     .   (no cloak)
rCorr    +         Rampage  .   l - +0 pair of gloves
Will     .....                  u - +0 pair of boots
Stlth    ..........             (no amulet)
HPRegen  0.23/turn              E - ring of resist corrosion
MPRegen  0.11/turn              v - ring of poison resistance

@: no status effects
A: no striking features
a: Renounce Religion, Heroism


You were on level 7 of the Dungeon.
You worshipped Okawaru.
Okawaru was pleased with you.
You visited 2 branches of the dungeon, and saw 8 of its levels.

You collected 449 gold pieces.

Inventory:

Hand Weapons
 s - a +3 flail of protection
 x - a +1 hand axe of electrocution (weapon)
Missiles
 a - 9 boomerangs
 w - 20 poisoned darts (quivered)
Armour
 b - a +0 scale mail (worn)
 c - a +0 kite shield (worn)
 l - a +0 pair of gloves (worn)
 u - a +0 pair of boots (worn)
 A - a +0 pair of boots
 B - a +0 chain mail
Jewellery
 j - an uncursed ring of willpower
 v - a ring of poison resistance (right hand)
 E - a ring of resist corrosion (left hand)
Wands
 q - a wand of paralysis (6)
 r - a wand of disintegration (14)
 D - a wand of iceblast (4)
Scrolls
 e - 7 scrolls of teleportation
 i - 3 scrolls of enchant weapon
 k - a scroll of random uselessness {unknown}
 m - 2 scrolls of fog
 o - a scroll of magic mapping {unknown}
 t - a scroll of remove curse
 y - 2 scrolls of holy word {unknown}
 G - a scroll of identify
Potions
 d - 3 potions of might
 f - 4 potions of heal wounds
 g - a potion of magic
 h - 5 potions of curing
 n - a potion of mutation {unknown}
 p - a potion of attraction {unknown}
 z - a potion of lignification {unknown}
 C - 2 potions of invisibility {unknown}
 F - a potion of flight {unknown}


   Skills:
 + Level 6.4 Fighting
 + Level 10.0 Axes
 + Level 2.7 Throwing
 + Level 7.5 Armour
 + Level 2.6 Dodging
 - Level 0.5 Stealth
 + Level 6.2 Shields
 + Level 0.8 Invocations


You had 8 spell levels left.
You didn't know any spells.
Your spell library was empty.

Dungeon Overview and Level Annotations

Branches:
Dungeon (7/15)             Temple (1/1) D:5

Altars:
Ashenzari
Elyvilon
Gozag
Hepliaklqana
Makhleb
Okawaru
Ru
Vehumet
Wu Jian
Zin


Message History

Unknown command.
You hit the orc warrior.
The orc warrior is almost dead.
You miss the ufetubus.
The ufetubus hits you but does no damage.
You block the ufetubus's attack. The ufetubus closely misses you. x2
You barely miss the orc warrior.
The orc warrior is almost dead.
You slash the ufetubus!
You kill the ufetubus!
Okawaru accepts your kill.
The orc warrior hits you with a +0 flail!!
* * * LOW HITPOINT WARNING * * *
You hit the orc warrior but do no damage.
The orc warrior is almost dead.
The orc warrior hits you with a +0 flail!
* * * LOW HITPOINT WARNING * * *
You fail to use your ability.
The orc warrior hits you with a +0 flail!
You die...

#....## ...# #...##
#..#!.# ...# ###!...#
..#.. # ...# #.#.#..#
#.#.# .# .#..### #.#.#
.# ### #..#..# #...#
#.#....
##.#..####...##.......
###.....#.#..#))#o......
....8.8.....###.@)......
.##.....#.#..#..#.......
.###.#..####...##.......
.# #..#..# #...# #......
.# .#..### #.#.# ......
##.#.#..# #.#.# ......
###....# ..#.. .....
#...## # # ..... . .


You could see an orc warrior.

Vanquished Creatures
  An ugly thing (D:7)
  2 sky beasts
  An ice beast (D:6)
  2 ogres
  3 phantoms
  A centaur (D:7)
  2 bullfrogs
  A wyvern skeleton (D:6)
  3 scorpions
  3 killer bees
  A howler monkey (D:4)
  A centaur zombie (D:4)
  A hound (D:6)
  3 orc wizards
  A bullfrog skeleton (D:7)
  5 orc priests
  Ijyb (D:5)
  An iguana (D:6)
  6 worker ants
  A hound skeleton (D:7)
  8 gnolls
  10 adders
  A shadow imp (D:5)
  4 white imps
  4 ufetubi
  6 oozes
  An adder skeleton (D:6)
  2 adder zombies (D:5)
  3 worms
  2 dart slugs (D:2)
  5 leopard geckos
  21 orcs
  9 bats
  5 giant cockroaches
  7 goblins
  9 hobgoblins
  14 jackals
  13 kobolds
  4 quokkas
  3 ball pythons
  8 frilled lizards
  A leopard gecko skeleton (D:5)
  A leopard gecko zombie (D:6)
  A quokka skeleton (D:4)
  7 rats
189 creatures vanquished.

Notes
Turn   | Place    | Note
-------+----------+-------------------------------------------
     0 | D:1      | Almogavar the Hill Orc Fighter began the quest for the Orb.
     0 | D:1      | Reached XP level 1. HP: 19/19 MP: 1/1
     4 | D:1      | You fall into a shaft and drop 1 floor!
    18 | D:2      | Reached XP level 2. HP: 16/27 MP: 2/2
   333 | D:2      | Reached skill level 3 in Axes
   333 | D:2      | Reached XP level 3. HP: 27/33 MP: 3/3
  1140 | D:1      | Reached XP level 4. HP: 34/40 MP: 4/4
  1747 | D:2      | Reached skill level 4 in Axes
  2381 | D:3      | Reached XP level 5. HP: 46/46 MP: 5/5
  3091 | D:3      | Reached skill level 5 in Axes
  3658 | D:4      | Reached XP level 6. HP: 39/52 MP: 6/6
  3670 | D:4      | Reached skill level 6 in Axes
  3670 | D:4      | Reached skill level 1 in Throwing
  3919 | D:4      | Reached skill level 1 in Dodging
  4131 | D:4      | Noticed a phantom
  4144 | D:4      | Killed a phantom
  4145 | D:4      | Reached XP level 7. HP: 55/60 MP: 7/7
  4738 | D:4      | Found a sacrificial altar of Ru.
  4746 | D:4      | Found a radiant altar of Vehumet.
  5006 | D:5      | Entered Level 5 of the Dungeon
  5049 | D:5      | Reached skill level 5 in Armour
  5079 | D:5      | Reached skill level 7 in Axes
  5146 | D:5      | Noticed Ijyb
  5160 | D:5      | Killed Ijyb
  5398 | D:5      | Found a staircase to the Ecumenical Temple.
  5407 | Temple   | Entered the Ecumenical Temple
  5413 | Temple   | Became a worshipper of Warmaster Okawaru
  5487 | D:5      | Found an opulent altar of Gozag.
  5539 | D:5      | Reached skill level 5 in Fighting
  5539 | D:5      | Reached XP level 8. HP: 27/68 MP: 8/8
  6053 | D:6      | Found a broken altar of Ashenzari.
  6117 | D:6      | Reached skill level 8 in Axes
  6117 | D:6      | Reached skill level 5 in Shields
  6152 | D:6      | Reached * piety under Okawaru
  6816 | D:6      | Reached skill level 9 in Axes
  6929 | D:7      | Noticed a cyan ugly thing
  6945 | D:7      | Reached XP level 9. HP: 62/75 MP: 9/9
  7087 | D:7      | Killed a cyan ugly thing
  7087 | D:7      | Reached ** piety under Okawaru
  7176 | D:7      | Found an opulent altar of Gozag.
  7483 | D:7      | Reached skill level 10 in Axes
  7490 | D:7      | Slain by an orc warrior

Illustrated notes

Levels and vault maps discovered:
D:1:      noname_arrival_rooms_in_the_neighbourhood, layout_basic
D:2:      layout_basic, minmay_unequal
D:3:      layout_loops_ring, kennysheep_minor_cross
D:4:      layout_loops_ring, minitemple
D:5:      layout_rooms, marbit_many_paths, lemuel_temple_firewalk_a,
          minmay_starry_boxes, uniq_ijyb
D:6:      layout_basic, nicolae_ashenzari_panopticon
D:7:      wad_crossroads, layout_basic, grunt_gozag_statues
Temple:   eino_temple_rhombus

Skill      XL: |  1  2  3  4  5  6  7  8  9 |
---------------+----------------------------+-----
Fighting       | 4 5 6 |  6.4
Axes           | 3 4 5 6 7 9 10 | 10.0
Armour         | 4 5 6 7 |  7.5
Shields        | 4 5 6 |  6.2
Throwing       | 1 2 |  2.7
Dodging        | 1 2 |  2.6
Stealth        | |  0.5
Invocations    | |  0.8

Action                   |  1- 3 |  4- 6 |  7- 9 || total
-------------------------+-------+-------+-------++-------
Melee: War axe           |   107 |   155 |       ||   262
       Hand axe          |       |    75 |   309 ||   384
Throw: Dart              |       |    15 |    10 ||    25
       Boomerang         |       |     3 |     6 ||     9
Invok: Heroism           |       |       |     2 ||     2
  Use: Scroll            |       |     4 |     7 ||    11
       Potion            |       |       |     2 ||     2
Armor: Scale mail        |    66 |    87 |    89 ||   242
Dodge: Dodged            |    51 |    72 |    77 ||   200
Block: Kite shield       |    74 |   111 |   112 ||   297
